AoeStats
← Sir_DiegoX

Arabia

510222909Analyzed
1v1 RM · 18h ago on Sep 30, 2026· 39m 32s· 2 players
Game mode
Random Map
Map size
Tiny (2 player)
Population
200
Speed
Normal
Resources
Standard
Victory
Conquest
Starting age
Dark Age
Ending age
Imperial Age
RankedLock teamsTeams togetherTeam positionsShared explorationLock speedFull tech treeHidden civsTurbo modeCheats
Victory
Defeat
🇨🇴 Hindustanis · Colombia
791
+16
🇦🇷 Varangians · Argentina
781
-16
Sir_DiegoX
2:27 Loom
11:12 Feudal Age
11:50 Town Watch
11:52 Double-Bit Axe
20:15 Castle Age
19:03 Bloodlines
19:46 Gold Mining
21:34 Wheelbarrow
21:35 Bow Saw
21:07 Horse Collar
27:43 Arson
28:47 Forging
29:31 Scale Mail Armor
30:08 Iron Casting
29:56 Squires
29:41 Pikeman
29:41 Man-at-Arms
34:47 Chain Mail Armor
39:53 Imperial Age
39:13 Hand Cart
crissing012
1:31 Loom
9:59 Feudal Age
10:28 Double-Bit Axe
15:57 Forging
20:30 Castle Age
19:38 Bloodlines
20:08 Horse Collar
21:29 Scale Barding Armor
22:02 Bow Saw
21:56 Husbandry
22:53 Chain Barding Armor
26:01 Wheelbarrow
25:12 Town Watch
26:12 Stone Mining
32:08 Imperial Age
30:18 Hand Cart
33:31 Conscription
34:19 Chemistry
36:02 Pikeman
Connection lost

Rejoining the realm…

Still unreachable

The connection could not be restored.

Session expired

The server has moved on; the page needs a fresh start.